 Dungeon Crawl Stone Soup version 0.29.0-15-g675c0067aa (webtiles) character file.

Game seed: 2146487048127538931

59 qw the Chopper (level 4, -1/28 HPs)
             Began as a Gargoyle Fighter on Sept 12, 2022.
             Slain by an ice beast (8 damage)
             ... on level 3 of the Dungeon.
             The game lasted 00:00:51 (2001 turns).

qw the Chopper (Gargoyle Fighter)                   Turns: 2001, Time: 00:00:52

Health: -1/28      AC: 12    Str: 21    XL:     4   Next: 3%
Magic:  4/4        EV:  9    Int:  9    God:
Gold:   95         SH:  4    Dex:  9    Spells: 3/3 levels left

rFire   . . .      SeeInvis .   Y - +0 war axe (flame)
rCold   . . .      Faith    .   c - +0 buckler
rNeg    + . .      Spirit   .   b - +0 scale mail
rPois   inf        Reflect  .   (no helmet)
rElec   +          Harm     .   k - +0 cloak
rCorr   .          Rampage  .   (no gloves)
Will    .....                   f - +0 pair of boots
Stlth   ..........              (no amulet)
HPRegen 0.09/turn               (no ring)
MPRegen 0.09/turn               (no ring)

@: no status effects
A: sickness immunity, AC +3, negative energy resistance 1, electricity
resistance, torment resistance 1, petrification resistance
a: no special abilities


You were on level 3 of the Dungeon.
You visited 1 branch of the dungeon, and saw 3 of its levels.

You collected 119 gold pieces.
You spent 24 gold pieces at shops.


Innate Abilities, Weirdness & Mutations

You are immune to sickness and miasma.
Your stone body is resilient. (AC +3)
You are immune to poison.
You resist negative energy. (rN+)
You are resistant to electric shocks. (rElec)
You are resistant to unholy torment.
You are immune to petrification.


   Skills:
 - Level 3.2 Fighting
 + Level 3.8 Axes
 - Level 3.2 Armour
 - Level 3.2 Shields


You had 3 spell levels left.
You didn't know any spells.
Your spell library was empty.

Inventory:

Hand Weapons
 Y - a +0 war axe of flaming (weapon)
Armour
 b - a +0 scale mail (worn)
 c - a +0 buckler (worn)
 f - a +0 pair of boots (worn)
 k - a +0 cloak (worn)
Scrolls
 a - a scroll of identify
 m - a scroll of teleportation
Potions
 d - a potion of might
 e - a potion of cancellation {unknown}
 g - a potion of curing
 h - a potion of haste
 j - a potion of heal wounds
 n - a potion of mutation

Dungeon Overview and Level Annotations

Branches:
Dungeon (3/15)

Altars:

Shops:
D:2 [[[*(


Message History

The ice beast is lightly wounded.
The ice beast hits you but does no damage.
You completely miss the ice beast.
The ice beast is lightly wounded.
The ice beast hits you. The ice beast freezes you.
The ice beast hits you but does no damage.
You hit the ice beast but do no damage.
The ice beast is lightly wounded.
You block the ice beast's attack.
You closely miss the ice beast.
The ice beast is lightly wounded.
The ice beast closely misses you.
You barely miss the ice beast.
The ice beast hits you but does no damage. x2
You hit the ice beast.
You melt the ice beast.
The ice beast is lightly wounded.
You block the ice beast's attack.
You closely miss the ice beast.
The ice beast is lightly wounded.
You block the ice beast's attack. x2
You barely miss the ice beast.
The ice beast is lightly wounded.
You block the ice beast's attack.
You slash the ice beast!
You melt the ice beast.
The ice beast is severely wounded.
The ice beast hits you. The ice beast freezes you!
You hit the ice beast.
You melt the ice beast.
The ice beast is almost dead.
The ice beast hits you but does no damage.
You closely miss the ice beast.
The ice beast is almost dead.
The ice beast hits you but does no damage.
The ice beast barely misses you.
You hit the ice beast.
You melt the ice beast.
The ice beast is almost dead.
The ice beast hits you but does no damage.
You barely miss the ice beast.
The ice beast is almost dead.
The ice beast hits you. The ice beast freezes you!
You die...

.... ....## ......
......# .......
....... ...?...##
......Y@#
###.###.###.# #.....#
#.###.#####
#...[.....#
#############.###.#
.........)###'###+##
)########...........#
....!...#...........#


You could see an ice beast.

Vanquished Creatures
  An adder (D:3)
  2 ball pythons
  6 bats
  6 endoplasms
  2 giant cockroaches
  4 goblins
  4 hobgoblins
  6 jackals
  3 kobolds
  2 quokkas
  2 frilled lizards (D:1)
  5 rats
43 creatures vanquished.

Notes
Turn   | Place    | Note
-------+----------+-------------------------------------------
     0 | D:1      | qw the Gargoyle Fighter began the quest for the Orb.
     0 | D:1      | Reached XP level 1. HP: 14/14 MP: 1/1
     0 | D:1      | 0 ||| qw: Version: 0.1-a-119-g272c26d
     0 | D:1      | 0 ||| qw: Game counter: 11014
     0 | D:1      | 0 ||| qw: Always use a shield: true
     0 | D:1      | 0 ||| qw: God list: Okawaru
     0 | D:1      | 0 ||| qw: Allow faded altars: false
     0 | D:1      | 0 ||| qw: Do Orc after D:15 true
     0 | D:1      | 0 ||| qw: Do second Lair branch before Depths: true
     0 | D:1      | 0 ||| qw: Lair rune preference: random
     0 | D:1      | 0 ||| qw: Plans: Normal, Zot, God:TSO, Crypt, Tomb, Pan,
                  | Slime, Hells, Zig, Abyss, Orb
     0 | D:1      | 0 ||| PLANNING D:1-11
   227 | D:1      | Reached XP level 2. HP: 19/19 MP: 2/2
   273 | D:1      | Found a faded altar of an unknown god.
   843 | D:1      | Reached skill level 3 in Axes
   847 | D:1      | Reached XP level 3. HP: 23/23 MP: 3/3
   930 | D:1      | 930 ||| UPGRADING to +0 pair of boots.
   935 | D:1      | 935 ||| READING scroll labelled MAOLECZIOGIO.
   936 | D:1      | 936 ||| READING scroll labelled TIOMON QABOV.
  1021 | D:2      | 1021 ||| Stepping ~*~*~tactically~*~*~ (stealth).
  1022 | D:2      | 1022 ||| Stepping ~*~*~tactically~*~*~ (stealth).
  1081 | D:2      | Found Cioseuj's Antique Armour Boutique.
  1089 | D:2      | 1089 ||| SHOPLISTING pair of gloves (81 gold, have 34).
  1089 | D:2      | 1089 ||| SHOPLISTING twisted plate armour (504 gold, have
                  | 34).
  1145 | D:2      | Found Toraank's Armour Shoppe.
  1150 | D:2      | 1150 ||| SHOPLISTING +0 cloak (49 gold, have 38).
  1150 | D:2      | 1150 ||| SHOPLISTING +0 scale mail of Ogrump {Will+} (182
                  | gold, have 38).
  1150 | D:2      | 1150 ||| SHOPLISTING +3 pearl dragon scales "Utoz" {rN+
                  | Dex+6 SInv} (1380 gold, have 38).
  1311 | D:2      | Found Quci's Antique Armour Emporium.
  1332 | D:2      | 1332 ||| SHOPLISTING glowing cloak (217 gold, have 83).
  1332 | D:2      | 1332 ||| SHOPLISTING runed ring mail (203 gold, have 83).
  1378 | D:2      | Found Kuid Zatiatz's Weapon Emporium.
  1382 | D:2      | Found Pukit's General Store.
  1386 | D:2      | 1386 ||| UPGRADING to +0 cloak.
  1399 | D:2      | 1399 ||| SHOPLISTING +3 ring mail of willpower (312 gold,
                  | have 103).
  1399 | D:2      | 1399 ||| BUYING scroll of identify (24 gold).
  1399 | D:2      | Bought a scroll of identify for 24 gold pieces
  1413 | D:2      | Identified the +4 spear of the Wary Hosts {distort, rPois
                  | Str-3 SInv Stlth+}
  1764 | D:2      | 1764 ||| READING scroll labelled MAD OXITONIQ.
  1765 | D:2      | 1765 ||| DROPPING +0 whip.
  1766 | D:2      | 1766 ||| READING scroll labelled KOGITR SOMNA.
  1767 | D:2      | 1767 ||| DRINKING 2 fizzy amethyst potions.
  1768 | D:2      | 1768 ||| DRINKING 2 metallic blue potions.
  1769 | D:2      | 1769 ||| READING 4 scrolls of identify.
  1769 | D:2      | 1769 ||| IDENTIFYING black potion
  1770 | D:2      | 1770 ||| READING 3 scrolls of identify.
  1770 | D:2      | 1770 ||| IDENTIFYING inky potion
  1771 | D:2      | 1771 ||| READING 2 scrolls of identify.
  1771 | D:2      | 1771 ||| IDENTIFYING lumpy coppery potion
  1772 | D:2      | 1772 ||| DROPPING potion of flight.
  1914 | D:3      | Reached XP level 4. HP: 28/28 MP: 4/4
  1978 | D:3      | Noticed an ice beast
  2001 | D:3      | HP: 7/28 [ice beast (3)]
  2001 | D:3      | Slain by an ice beast

Levels and vault maps discovered:
D:1:      dpeg_arrival_rhombi, layout_loops_ring,
          shapermc_ecumenical_altar_mp_highgroup, minmay_misc_feat_columns,
          minmay_hedge_maze
D:2:      layout_loops_ring, serial_shops, nicolae_shop_statue_plus, shop, shop,
          nicolae_square_shop, shop_fountains, roderic_serpentine_path
D:3:      layout_basic, jmf_multi_god_temple2, gammafunk_ghost_split

Skill      XL: |  1  2 |
---------------+-------+-----
Axes           | 2 3 |  3.8
Fighting       | |  3.2
Armour         | |  3.2
Shields        | |  3.2

Action                   |  1- 3 |  4- 6 || total
-------------------------+-------+-------++-------
Melee: War axe           |   106 |    32 ||   138
  Use: Scroll            |     7 |       ||     7
       Potion            |     2 |       ||     2
Armor: Scale mail        |    57 |    21 ||    78
Dodge: Dodged            |    46 |    17 ||    63
Block: Buckler           |    22 |    11 ||    33

Table legend:
 A = Non-vault XP
 B = Vault XP
 C = Vault XP percentage of total XP
 D = Non-vault monster count
 E = Vault monster count
 F = Vault count percentage of total count
                 A         B        C        D         E       F
            +---------+---------+-------+---------+---------+-------
      Total |      85 |       0 |   0.0 |      43 |       0 |   0.0
            +---------+---------+-------+---------+---------+-------
        D:1 |      36 |       0 |   0.0 |      21 |       0 |   0.0
        D:2 |      22 |       0 |   0.0 |      13 |       0 |   0.0
        D:3 |      27 |       0 |   0.0 |       9 |       0 |   0.0
            +---------+---------+-------+---------+---------+-------
